 Dungeon Crawl Stone Soup version 0.20.1-1-g8b1a95d (console) character file.

119 bli the Caller (level 5, 0/38 HPs)
             Began as a Merfolk Summoner on Aug 10, 2017.
             Was an Initiate of Dithmenos.
             Shot with a stone by a goblin (3 damage)
             ... led by Robin
             ... on level 4 of the Dungeon.
             The game lasted 00:11:27 (1920 turns).

bli the Caller (Merfolk Summoner)                   Turns: 1920, Time: 00:11:28

Health: 0/38       AC:  3    Str:  8    XL:     5   Next: 3%
Magic:  1/9        EV: 14    Int: 15    God:    Dithmenos [......]
Gold:   100        SH:  0    Dex: 15    Spells: 6/9 levels left

rFire    . . .     SeeInvis .   b - +0 dagger (venom)
rCold    . . .     Gourm    .   (no shield)
rNeg     . . .     Faith    .   p - +0 robe
rPois    .         Spirit   .   (no helmet)
rElec    .         Reflect  .   (no cloak)
rCorr    .         Harm     .   g - +0 pair of gloves
MR       .....                  (no boots)
Stlth    ++........             (no amulet)
Regen    0.2/turn               (no ring)
MPRegen  0.2/turn               (no ring)

@: no status effects
A: change form in water, swift swim, stealthy swim
a: Renounce Religion


You were on level 4 of the Dungeon.
You worshipped Dithmenos.
Dithmenos was noncommittal.
You were very hungry.

You visited 2 branches of the dungeon, and saw 5 of its levels.

You collected 100 gold pieces.

Inventory:

Hand Weapons
 a - a +0 trident
 b - a +0 dagger of venom (weapon)
 q - a +0 spear
Missiles
 i - 12 stones (quivered)
Armour
 g - a +0 pair of gloves (worn)
 h - a +0 leather armour
 p - a +0 robe (worn)
Scrolls
 e - 2 scrolls of identify {unknown}
 l - 2 scrolls of enchant weapon {unknown}
 n - a scroll of fog {unknown}
 r - a scroll of teleportation {unknown}
Potions
 d - a potion of brilliance {unknown}
 f - a potion of invisibility {unknown}
 j - a potion of curing {unknown}
 k - 2 potions of lignification {unknown}
 m - a potion of degeneration {unknown}
Books
 o - a book of Callings

   Spells                             Type                      Level
   a - Summon Small Mammal            Summoning                    1
   b - Call Imp                       Summoning                    2
   c - Call Canine Familiar           Summoning                    3
   d - Summon Guardian Golem          Hexes/Summoning              3
   e - Summon Lightning Spire         Summoning/Air                4
   f - Summon Ice Beast               Ice/Summoning                4
Comestibles
 c - 4 bread rations


   Skills:
 * Level 1.6 Fighting
 * Level 4.5 Dodging
 + Level 2.2 Stealth
 + Level 2.7 Spellcasting
 + Level 4.5 Summonings


You had 6 spell levels left.
You knew the following spells:

 Your Spells              Type           Power        Failure   Level  Hunger
a - Summon Small Mammal   Summ           ###.         3%          1    #......
b - Call Imp              Summ           ###.....     4%          2    ##.....


Dungeon Overview and Level Annotations

Branches:
Dungeon (4/15)             Temple (1/1) D:4

Altars:
Cheibriados
Dithmenos
Elyvilon
Fedhas
Gozag
Hepliaklqana
Kikubaaqudgha
Makhleb
Nemelex Xobeh
Okawaru
Qazlal
Ru
Sif Muna
Trog
Uskayaw
Vehumet
Xom
Yredelemnul
Zin
The Shining One

Annotations:
D:4 Robin


Message History

Your crimson imp barely misses Robin.
The goblin shoots a stone.
The stone misses you.
You hear a splash.
The hobgoblin barely misses your crimson imp.
Your crimson imp hits Robin.
The goblin closely misses your crimson imp.
The goblin hits your crimson imp with a club.
Your crimson imp hits Robin.
Robin hits your crimson imp but does no damage.
Your crimson imp hits Robin.
Your crimson imp barely misses Robin.
Robin misses your crimson imp.
The goblin hits your crimson imp with a club.
The goblin shoots a stone.
The stone misses you.
The hobgoblin closely misses your crimson imp.
Your crimson imp hits Robin.
Your crimson imp blinks!
Your crimson imp hits Robin but does no damage.
Robin misses your crimson imp.
Your crimson imp blinks!
The goblin shoots a stone.
The stone hits you.
You die...

#...### .? #.....#### ....
##...#....# #####....
##....#.##.###........
#####..........g...........
.##...........≈≈≈(≈..g......(
............≈≈≈≈(≈(≈≈........
#.#.......≈≈≈≈≈(≈(≈≈≈≈≈.....(
#.#......≈≈≈≈≈≈≈≈≈≈(≈≈≈≈....
#.#......≈≈≈≈≈≈.()((≈≈≈≈.#.#
#.#.......(...5.@.≈≈≈≈≈≈g#
#^#......≈≈≈≈≈≈...5≈≈(≈≈g#...
#....#....≈≈≈≈≈≈(≈≈≈≈(≈)....#
............≈≈≈≈≈≈§≈5g)..##.#
..####.#......≈≈≈≈§gg....#
#.# #.............g........
#.# ##..####......#.........
#.# ..# ###....#......... #.#
..# #.............. #.# .#
#..#.#......... #.# ...###
... ...##....


You could see Robin, a hobgoblin, 4 goblins and 3 friendly crimson imps.

Vanquished Creatures
  A hound (D:4)
  An iguana (D:4)
  An adder (D:4)
  A worm (D:2)
  2 giant cockroaches
  2 goblins
  5 hobgoblins
  A quokka (D:2)
  5 bats
  2 frilled lizards
  3 kobolds
24 creatures vanquished.

Vanquished Creatures (collateral kills)
  2 adders (D:2)
  A leopard gecko (D:1)
  A ball python (D:1)
  3 bats (D:1)
  4 goblins
  3 hobgoblins
  3 frilled lizards
  A kobold (D:1)
  2 rats
20 creatures vanquished.

Vanquished Creatures (others)
  A goblin (D:4)
1 creature vanquished.

Grand Total: 45 creatures vanquished

Notes
Turn   | Place    | Note
-------+----------+-------------------------------------------
     0 | D:1      | bli the Merfolk Summoner began the quest for the Orb.
     0 | D:1      | Reached XP level 1. HP: 13/13 MP: 3/3
   383 | D:1      | Reached XP level 2. HP: 13/20 MP: 0/5
   388 | D:1      | Learned a level 2 spell: Call Imp
   816 | D:2      | Reached skill level 1 in Fighting
   816 | D:2      | Reached XP level 3. HP: 14/26 MP: 4/6
  1556 | D:4      | Reached XP level 4. HP: 31/32 MP: 4/7
  1689 | D:4      | Found a staircase to the Ecumenical Temple.
  1705 | D:4      | Noticed Robin
  1707 | Temple   | Entered the Ecumenical Temple
  1855 | Temple   | Became a worshipper of Dithmenos the Shadowed
  1887 | D:4      | Reached XP level 5. HP: 28/38 MP: 2/9
  1920 | D:4      | Shot with a stone by a goblin

Skill      XL: |  1  2  3 |
---------------+----------+-----
Dodging        | 3 4 |  4.5
Fighting       | 1 |  1.6
Stealth        | |  2.2
Spellcasting   | |  2.7
Summonings     | |  4.5

Action                   |  1- 3 |  4- 6 || total
-------------------------+-------+-------++-------
Melee: Unarmed           |    37 |       ||    37
       Dagger            |   113 |    24 ||   137
 Cast: Summon Small Mamm |    33 |     2 ||    35
       Call Imp          |       |     5 ||     5
 Stab: Sleeping          |     1 |       ||     1
  Eat: Chunk             |     2 |     1 ||     3
Armor: Robe              |    56 |     4 ||    60
Dodge: Dodged            |   119 |    38 ||   157
